 Dungeon Crawl Stone Soup version 0.32-a0-995-gb4a59205af (webtiles) character file.

Game seed: 9400823576929678758

27899 TacoSundae the Fencer (level 13, -8/100 HPs)
             Began as a Coglin Gladiator on Apr 22, 2024.
             Was the Champion of Okawaru.
             Mangled by a freezing wraith (17 damage)
             ... in an ice cave.
             The game lasted 00:42:46 (14630 turns).

TacoSundae the Fencer (Coglin Gladiator)           Turns: 14630, Time: 00:42:46

Health: -8/100     AC: 15    Str: 14    XL:     13   Next: 35%
Magic:  0/9        EV: 16    Int:  9    God:    Okawaru [******]
Gold:   799        SH:  0    Dex: 24    Spells: 12/12 levels left

rFire   + . .        E - +7 demon blade "Toowk" {pain, ^Contam rPois rN+ MP+9 Dex+4}
rCold   . . .        i - +4 demon blade (antimagic) {Kulveer}
rNeg    + . .        m - +1 ring mail {rF+}
rPois   +            c - +1 helmet
rElec   .            t - scarf {repulsion}
rCorr   .            F - +3 Mad Mage's Maulers {Infuse+∞ VampMP -Cast}
SInv    .            j - +0 pair of boots
Will    .....        (amulet unavailable)
Stlth   +            (ring unavailable)
HPRegen 0.36/turn    (ring unavailable)
MPRegen 0.11/turn    (no gizmo)

%: no spellcasting, repel missiles
@: marked, hasted and slowed, revved
A: off-hand wielding, slow wielding, warmup strikes, no jewellery
a: Invent Gizmo, Renounce Religion, Heroism, Finesse, Duel


You were in an ice cave.
You worshipped Okawaru.
Okawaru was exalted by your worship.
You visited 3 branches of the dungeon, and saw 13 of its levels.
You also visited: Ice Cave.

You collected 799 gold pieces.

Inventory:

Hand Weapons
 i - a +4 antimagic demon blade (offhand) {Kulveer}
 q - a +1 rapier of freezing
 D - a +1 dagger of electrocution
 E - the +7 demon blade "Toowk" (weapon) {pain, ^Contam rPois rN+ MP+9 Dex+4}
   (Okawaru gifted it to you on level 10 of the Dungeon)

   Dex+4:     It affects your dexterity (+4).
   rPois:     It protects you from poison.
   rN+:       It protects you from negative energy.
   MP+9:      It affects your magic capacity (+9).
   ^Contam:   It causes magical contamination when unequipped.
Missiles
 a - 5 poisoned darts
 b - a boomerang
 d - 6 throwing nets (quivered)
 e - a javelin
 h - 3 curare-tipped darts
Armour
 c - a +1 helmet (worn)
 j - a +0 pair of boots (worn)
 m - a +1 ring mail of fire resistance (worn)
 t - a scarf of repulsion (worn)
 F - the +3 Mad Mage's Maulers (worn) {Infuse+∞ VampMP -Cast}
   (Okawaru gifted it to you on level 10 of the Dungeon)

   Infuse+∞: It empowers its wearer's blows with all of their magic.
   VampMP:    Blows struck in melee replenish the wearer's magic.
   -Cast:     It prevents spellcasting.
Talismans
 p - the granite talisman of Ythrog {rCorr Slay+3 Stlth+}
   (You found it in an ice cave)

   [granite talisman]

   Slay+3:    It affects your accuracy & damage with ranged weapons and melee
   (+3).
   rCorr:     It protects you from acid and corrosion.
   Stlth+:    It makes you more stealthy.
Wands
 f - a wand of iceblast (3)
 g - a wand of mindburst (1)
Scrolls
 l - 2 scrolls of silence {unknown}
 n - 8 scrolls of noise
 r - 2 scrolls of fog
 y - 4 scrolls of teleportation
Potions
 k - 2 potions of cancellation
 o - a potion of haste
 s - 3 potions of invisibility
 v - 2 potions of might
 w - a potion of attraction
 x - a potion of mutation
 z - 2 potions of curing
 A - a potion of enlightenment
 B - a potion of lignification


   Skills:
 + Level 8.8 Fighting
 + Level 15.1 Long Blades
 - Level 1.7 Throwing
 + Level 5.9 Armour
 + Level 8.4 Dodging
 - Level 8.1 Invocations


You had 12 spell levels left.
You didn't know any spells.
Your spell library contained the following spells:

 Spells                   Type           Power      Damage    Failure   Level
 Apportation              Tloc           0%         N/A       61%         1
 Foxfire                  Conj/Fire      0%         2x1d4     61%         1
 Necrotise                Necr           0%         1d4       61%         1
 Shock                    Conj/Air       0%         1d3       61%         1
 Sting                    Conj/Alch      0%         1d3       61%         1
 Cigotuvi's Dreadful Rot  Necr/Alch/Air  0%         N/A       75%         2
 Passwall                 Erth           0%         N/A       93%         3
 Volatile Blastmotes      Fire/Tloc      0%         2d10      93%         3
 Ignite Poison            Fire/Alch      0%         N/A       100%        4
 Vhi's Electric Charge    Tloc/Air       0%         N/A       100%        4
 Freezing Cloud           Conj/Ice/Air   0%         6-21      100%        5
 Irradiate                Conj/Alch      0%         3d11      100%        5
 Yara's Violent Unravell  Hex/Alch       0%         3d3       100%        5
 Conjure Ball Lightning   Conj/Air       0%         3x3d6     100%        6
 Eringya's Noxious Bog    Alch           0%         4d6       100%        6
 Gell's Gavotte           Tloc           0%         2d(11-16) 100%        6
 Plasma Beam              Fire/Air       0%         2x1d10    100%        6
 Starburst                Conj/Fire      0%         6d3       100%        6
 Summon Small Mammal      Summ           Unusable   N/A       N/A         1

Dungeon Overview and Level Annotations

Branches:
Dungeon (11/15)            Temple (1/1) D:5            Lair (1/5) D:10
    Orc (0/2) D:11          IceCv (1/1)

Altars:
Ashenzari
Cheibriados
Dithmenos
Elyvilon
Fedhas
Gozag
Hepliaklqana
Kikubaaqudgha
Makhleb
Nemelex Xobeh
Okawaru
Qazlal
Ru
Sif Muna
Trog
Uskayaw
Vehumet
Wu Jian
Xom
Yredelemnul
Zin
The Shining One

Portals:
Trove: D:10 (give +3 fire dragon scales)

Annotations:
D:6 3 runed translucent doors, bakla's ghost, novice NaSh
D:8 2 transporters, jerryboi's ghost, novice MDFi IceCv exclusion: ice statue


Innate Abilities, Weirdness & Mutations

You can wield a second weapon in your off-hand.
It takes a long time for you to wield or remove held weapons.
Your first few attacks do less damage.
You cannot equip rings or amulets.


Message History

You hit the ice devil with the +7 demon blade "Toowk".
The ice devil is heavily wounded.
You slash the ice devil with your +4 antimagic demon blade!
An elephant simulacrum comes into view.
You hit the ice devil but do no damage.
The ice devil is almost dead.
You closely miss the ice devil with the +7 demon blade "Toowk".
The freezing wraith hits you. The freezing wraith freezes you!!
The freezing wraith hits you! The ice devil barely misses you.
You hit the ice devil with your +4 antimagic demon blade.
The ice devil is almost dead.
You hit the ice devil with the +7 demon blade "Toowk".
You kill the ice devil!
Okawaru accepts your kill.
The freezing wraith hits you but does no damage.
The freezing wraith hits you! The freezing wraith drains your vigour!
You feel yourself slow down.
The necromancer mumbles some strange words.
The necromancer binds the souls of nearby monsters.
You hit the freezing wraith but do no damage.
You hit the freezing wraith with your +4 antimagic demon blade.
You barely miss the freezing wraith with the +7 demon blade "Toowk".
The freezing wraith is lightly damaged.
You hit the freezing wraith but do no damage.
The freezing wraith hits you. The freezing wraith freezes you!
The freezing wraith hits you but does no damage.
You slash the freezing wraith with the +7 demon blade "Toowk"!
The freezing wraith is moderately damaged.
You hit the freezing wraith with your +4 antimagic demon blade.
The freezing wraith hits you! The freezing wraith freezes you!!
* * * LOW HITPOINT WARNING * * *
The freezing wraith completely misses you.
Unknown command.
Okay, then.
Unknown command.
The freezing wraith misses you. The freezing wraith barely misses you.
You feel yourself speed up. The freezing wraith hits you.
* * * LOW HITPOINT WARNING * * *
The freezing wraith freezes you!
You die...

########ß........##≈≈≈
#[..........##≈≈≈ ...#
#[[..........≈≈≈≈ ....###
####.......#.#≈≈≈ #.....
###...####≈≈≈# #.Z.I. ###
##..######## #.... ##.###
####..## # #^☼§
#####Z4W.#####..#...# #
#...##.#Z..##@...#.....###
# #......Z######....#####
###.##.## ###### ######


You could see an ice devil, a freezing wraith and a death yak simulacrum.

Vanquished Creatures
  A yaktaur captain (D:10)
  A hydra (D:10)
  A centaur warrior (D:10)
  A two-headed ogre (D:10)
  A death knight (D:10)
  An arcanist (D:10)
  An obsidian statue (D:9)
  Pikel (D:6)
  A deep elf pyromancer (D:10)
  An ugly thing (D:11)
  4 centaur zombies (D:8)
  A torpor snail (Lair:1)
  A centaur skeleton (D:8)
  An unseen horror (D:11)
  A komodo dragon (D:11)
  2 anaconda simulacra (IceCv)
  5 freezing wraiths (IceCv)
  8 ice devils (IceCv)
  A hellwing (D:8)
  A troll (D:10)
  3 hornets
  2 vampires (D:10)
  3 dire elephant simulacra (IceCv)
  48 yaks
  3 wraiths
  2 basilisks (D:10)
  4 wyverns
  Grum (D:11)
  2 steam dragons
  7 death yak simulacra
  2 harpy simulacra (IceCv)
  A hydra simulacrum (IceCv)
  An acid dragon (D:10)
  2 water moccasins
  2 ice beasts
  A sky beast (D:8)
  An ogre (D:6)
  2 black bears
  5 orc warriors
  3 wolves (D:11)
  9 centaurs
  3 lemures (D:6)
  A kobold brigand (D:7)
  6 bullfrogs
  2 gnoll sergeants
  7 cane toad simulacra (IceCv)
  A two-headed ogre simulacrum (IceCv)
  3 wights
  3 elephant simulacra (IceCv)
  2 electric eels (D:10)
  A howler monkey (D:11)
  2 hounds (D:5)
  3 bombardier beetles
  6 orc priests
  A jelly (D:6)
  An iguana (D:6)
  11 orc wizards
  A troll simulacrum (IceCv)
  A spriggan simulacrum (IceCv)
  2 wolf simulacra (IceCv)
  19 gnolls
  13 adders
  4 shadow imps
  3 white imps (IceCv)
  A dart slug (D:3)
  43 orcs
  5 endoplasms
  3 giant cockroaches
  4 goblins (D:1)
  9 hobgoblins
  6 jackals
  5 quokkas
  6 ball pythons
  8 bats
  3 frilled lizards
  9 kobolds
  6 rats
343 creatures vanquished.

Vanquished Creatures (others)
  An ogre mage (D:10)
1 creature vanquished.

Grand Total: 344 creatures vanquished

Notes
Turn   | Place    | Note
-------+----------+-------------------------------------------
     0 | D:1      | TacoSundae the Coglin Gladiator began the quest for the
                  | Orb.
     0 | D:1      | Reached XP level 1. HP: 16/16 MP: 1/1
    54 | D:1      | Reached XP level 2. HP: 19/22 MP: 2/2
   322 | D:1      | Reached skill level 4 in Long Blades
   379 | D:1      | Found a faded altar of an unknown god.
   387 | D:1      | Reached XP level 3. HP: 26/27 MP: 3/3
   708 | D:2      | Reached XP level 4. HP: 16/33 MP: 4/4
   881 | D:2      | Reached skill level 5 in Long Blades
  1295 | D:3      | Found a shimmering altar of Xom.
  1475 | D:3      | Reached XP level 5. HP: 37/38 MP: 5/5
  1752 | D:3      | Found a shimmering altar of Xom.
  2099 | D:4      | Reached skill level 6 in Long Blades
  2590 | D:4      | Reached XP level 6. HP: 44/44 MP: 6/6
  2791 | D:5      | Entered Level 5 of the Dungeon
  2896 | D:5      | Reached skill level 7 in Long Blades
  3139 | D:5      | Found a staircase to the Ecumenical Temple.
  3145 | Temple   | Entered the Ecumenical Temple
  3158 | Temple   | Became a worshipper of Warmaster Okawaru
  3260 | D:5      | Got the Codex of Roasted Effluvium
  3539 | D:6      | Noticed an ice beast
  3560 | D:6      | Killed an ice beast
  3561 | D:6      | Reached skill level 1 in Armour
  3561 | D:6      | Reached XP level 7. HP: 37/51 MP: 7/7
  3569 | D:6      | Reached * piety under Okawaru
  3618 | D:6      | Found a runed translucent gate.
  3619 | D:6      | Found a runed translucent gate.
  3620 | D:6      | Found a runed translucent gate.
  3625 | D:6      | Found an opulent altar of Gozag.
  3628 | D:6      | Noticed bakla's ghost (novice NaSh)
  4339 | D:6      | Reached skill level 8 in Long Blades
  4398 | D:6      | Noticed Pikel
  4502 | D:6      | Reached XP level 8. HP: 47/58 MP: 8/8
  4551 | D:6      | Killed Pikel
  4551 | D:6      | Reached ** piety under Okawaru
  4970 | D:7      | Reached skill level 9 in Long Blades
  5386 | D:7      | Reached XP level 9. HP: 49/65 MP: 9/9
  5458 | D:7      | Found a hazy altar of Hepliaklqana.
  5464 | D:7      | Found a sparkling altar of Nemelex Xobeh.
  5485 | D:7      | Got Sif Muna's Dissertation on Dense Haze
  5692 | D:7      | Found a burning altar of Makhleb.
  5698 | D:7      | Found a glowing silver altar of Zin.
  5698 | D:7      | Noticed an Executioner
  5698 | D:7      | Noticed an angel
  5857 | D:7      | HP: 2/60 [wight/+0 great sword (15)]
  5860 | D:7      | Reached skill level 1 in Invocations
  6477 | D:8      | Reached *** piety under Okawaru
  6478 | D:8      | Reached skill level 5 in Dodging
  6533 | D:8      | Reached skill level 5 in Fighting
  6546 | D:8      | Reached skill level 10 in Long Blades
  6636 | D:8      | Reached **** piety under Okawaru
  6637 | D:8      | Reached XP level 10. HP: 17/76 MP: 10/12
  6853 | D:8      | Noticed a moth of wrath
  6873 | D:8      | Found a transporter.
  6876 | D:8      | Noticed jerryboi's ghost (novice MDFi)
  6896 | D:8      | Found a transporter.
  7185 | D:8      | Reached skill level 11 in Long Blades
  8386 | D:9      | Noticed an obsidian statue
  8517 | D:9      | Reached ***** piety under Okawaru
  8894 | D:9      | Found a broken altar of Ashenzari.
  9146 | D:9      | Received a gift from Okawaru
  9147 | D:9      | Reached XP level 11. HP: 75/84 MP: 14/14
  9323 | D:9      | Reached skill level 12 in Long Blades
  9500 | D:9      | Killed an obsidian statue
  9568 | D:10     | Entered Level 10 of the Dungeon
  9664 | D:10     | Reached skill level 5 in Invocations
  9954 | D:10     | Noticed a two-headed ogre
  9972 | D:10     | Killed a two-headed ogre
 10066 | D:10     | Reached skill level 13 in Long Blades
 10222 | D:10     | Received a gift from Okawaru
 10691 | D:10     | Found a portal to a secret trove of treasure.
 10737 | D:10     | Noticed a five-headed hydra
 10869 | D:10     | Killed a five-headed hydra
 10878 | D:10     | Noticed an arcanist
 10890 | D:10     | Killed an arcanist
 10895 | D:10     | Noticed an ogre mage
 10899 | D:10     | Noticed a yaktaur captain
 10901 | D:10     | Killed an ogre mage
 10902 | D:10     | Reached XP level 12. HP: 90/91 MP: 17/17
 10934 | D:10     | Killed a yaktaur captain
 10934 | D:10     | Reached ****** piety under Okawaru
 10937 | D:10     | Acquired the +7 demon blade "Toowk" {pain, ^Contam rPois
                  | rN+ MP+9 Dex+4}
 10937 | D:10     | Received a gift from Okawaru
 10951 | D:10     | Acquired the +3 Mad Mage's Maulers {Infuse+∞ VampMP -Cast}
 10951 | D:10     | Received a gift from Okawaru
 10951 | D:10     | Found the +3 Mad Mage's Maulers {Infuse+∞ VampMP -Cast}
 10988 | D:10     | Noticed a centaur warrior
 10991 | D:10     | Killed a centaur warrior
 10991 | D:10     | Received a gift from Okawaru
 11107 | D:10     | Noticed a death knight
 11131 | D:10     | Killed a death knight
 11132 | D:10     | Reached skill level 14 in Long Blades
 11180 | D:10     | Identified the +1 arbalest of the Orb {penet, rF- Will+
                  | SInv Stlth+}
 11643 | D:10     | Found a staircase to the Lair.
 11998 | D:11     | Noticed Grum
 12011 | D:11     | Killed Grum
 12749 | D:11     | Found a staircase to the Orcish Mines.
 12781 | D:11     | Received a gift from Okawaru
 13310 | Lair:1   | Entered Level 1 of the Lair of Beasts
 13474 | Lair:1   | Found a frozen archway.
 13516 | IceCv    | Entered an ice cave
 13526 | IceCv    | Reached skill level 5 in Armour
 13549 | IceCv    | Reached XP level 13. HP: 98/98 MP: 2/19
 14041 | IceCv    | Received a gift from Okawaru
 14119 | IceCv    | Found an ancient bone altar of Kikubaaqudgha.
 14151 | IceCv    | Reached skill level 15 in Long Blades
 14424 | IceCv    | Identified the +1 ring mail "Kyeraatt" {rC- Int+3 Dex+3}
 14425 | IceCv    | Identified the granite talisman of Ythrog {rCorr Slay+3
                  | Stlth+}
 14630 | IceCv    | Mangled by a freezing wraith

Illustrated notes

Levels and vault maps discovered:
D:1:      ncdulo_lavacross, layout_rooms,
          hellmonk_ecumenical_altar_pennies_from_heaven
D:2:      layout_basic
D:3:      layout_basic, xom_redecorated
D:4:      layout_basic, chequers_garden, nicolae_underground_beach
D:5:      layout_cave_pools, minmay_temple_entry_wispy
D:6:      layout_basic, ebering_ghost_gozag, nicolae_fountain_basement,
          uniq_pikel
D:7:      layout_rooms, grunt_temple_overflow_order_and_chaos_2,
          gammafunk_temple_overflow_statue, roderic_lattice_a
D:8:      cheibrodos_grave_circle, layout_loops_ring,
          gammafunk_ghost_berserking_beasts, centaur_isle
D:9:      layout_long_grid, lemuel_crystal_altar, minmay_statues_item,
          minmay_statue_bubble
D:10:     nzn_winding_woodlands_large [nzn_winding_woodlands_5x5_cross,
          nzn_winding_woodlands_5x15_jagged,
          nzn_winding_woodlands_5x5_open_star,
          nzn_winding_woodlands_center_triple_pond,
          nzn_winding_woodlands_15x15_eel_pit,
          nzn_winding_woodlands_center_diamonds,
          nzn_winding_woodlands_5x5_closed_star,
          nzn_winding_woodlands_5x15_pool,
          nzn_winding_woodlands_5x5_checkerboard], layout_long_grid,
          erik_lair_dragon, nicolae_trove_entry_free_sample
D:11:     layout_irregular_city, hiddenorc1_lemuel, uniq_grum
Temple:   regret_index_temple_sphere_string
Lair:1:   layout_small_grid, portal_ice_cave_entry_ice_simulacra, uniq_amaemon
IceCv:    ice_cave_small_necro

Skill      XL: |  1  2  3  4  5  6  7  8  9 10 11 12 13 |
---------------+----------------------------------------+-----
Long Blades    | 4 5 6 7 8 9 10 11 13 14 15 | 15.1
Armour         | 1 2 3 5 |  5.9
Dodging        | 3 4 5 6 7 8 |  8.4
Fighting       | 3 4 5 7 8 |  8.8
Invocations    | 2 4 7 8 |  8.1
Throwing       | |  1.7

Action                     |  1- 3 |  4- 6 |  7- 9 | 10-12 | 13-15 || total
---------------------------+-------+-------+-------+-------+-------++-------
  Melee: Long sword        |    45 |     7 |    56 |   332 |       ||   440
         Dagger            |     8 |   114 |   184 |       |       ||   306
         Short sword       |    33 |   129 |   245 |   342 |       ||   749
         Demon blade       |       |       |       |   227 |   144 ||   371
  Throw: Dart              |       |       |     1 |    10 |       ||    11
         Javelin           |       |       |     1 |       |       ||     1
         Throwing net      |       |       |       |     3 |       ||     3
 Invoke: Heroism           |       |       |       |     4 |     1 ||     5
         Receive Weapon    |       |       |       |     1 |       ||     1
         Receive Armour    |       |       |       |     1 |       ||     1
  Evoke: Wand              |       |       |       |     8 |       ||     8
    Use: Scroll            |       |    14 |     5 |     6 |       ||    25
         Potion            |       |       |       |     2 |     3 ||     5
   Stab: Sleeping          |     1 |     2 |       |       |       ||     3
         Distracted        |       |       |     1 |       |       ||     1
         Held in net/web   |       |       |       |     5 |       ||     5
 Armour: Leather armour    |    22 |    54 |    35 |       |       ||   111
         Scale mail        |       |       |   115 |    96 |       ||   211
         Steam dragon scal |       |       |       |     8 |       ||     8
         Ring mail         |       |       |       |   127 |    36 ||   163
  Dodge: Dodged            |    32 |    50 |   104 |   218 |    30 ||   434
         Repelled          |       |       |     6 |    31 |     1 ||    38

Table legend: (Time is in decaauts)
 A = Elapsed time spent in this place.
 B = Non-inter-level travel time spent in this place.
 C = Inter-level travel time spent in this place.
 D = Time resting spent in this place.
 E = Time spent auto-exploring this place.
 F = Levels seen in this place.
 G = Mean time per level.
                   A        B        C        D        E       F      G
               +--------+--------+--------+--------+--------+-----+--------+
         Total |  14255 |  13602 |    653 |   2384 |   6681 |  14 | 1018.2 |
       Dungeon |  13008 |  12380 |    628 |   1932 |   6681 |  11 | 1182.5 |
        Temple |     26 |      1 |     25 |      0 |      0 |   1 |   26.0 |
          Lair |    176 |    176 |      0 |      0 |      0 |   1 |  176.0 |
      Ice Cave |   1044 |   1044 |      0 |    452 |      0 |   1 | 1044.0 |
               +--------+--------+--------+--------+--------+-----+--------+

Top non-repeatable levels by time:
    D:10: 2178 daAuts
     D:8: 1855 daAuts
     D:6: 1555 daAuts
    D:11: 1433 daAuts
     D:7: 1312 daAuts
     D:9: 1167 daAuts
   IceCv: 1044 daAuts
     D:2: 814 daAuts
     D:3: 763 daAuts
     D:4: 736 daAuts
     D:5: 722 daAuts
     D:1: 469 daAuts
  Lair:1: 176 daAuts
  Temple: 26 daAuts
